 Dungeon Crawl Stone Soup version 0.30-a0-586-g23e55c9e0a (webtiles) character file.

Game seed: 3955636798844543426

10374 Dartaoz the Cleaver (level 11, -4/102 HPs)
             Began as a Hill Orc Berserker on Jan 3, 2023.
             Was a High Priest of Trog.
             Shot with an arrow by a centaur warrior (11 damage)
             ... on level 10 of the Dungeon.
             The game lasted 00:41:04 (11028 turns).

Dartaoz the Cleaver (Hill Orc Berserker)           Turns: 11028, Time: 00:41:05

Health: -4/102     AC: 16    Str: 25    XL:     11   Next: 61%
Magic:  0/15       EV:  9    Int:  7    God:    Trog [*****.]
Gold:   547        SH:  0    Dex: 10    Spells: 10/10 levels left

rFire   . . .      SeeInvis +    O - +2 hand axe (flame)
rCold   . . .      Faith    .    E - orb {light}
rNeg    + . .      Spirit   +    I - +0 plate armour
rPois   .          Reflect  .    (no helmet)
rElec   .          Harm     .    (no cloak)
rCorr   .          Rampage  .    (no gloves)
Will    .....                    n - +1 pair of boots Stlth
                                 e - amulet of guardian spirit
HPRegen 0.37/turn                F - ring of see invisible
MPRegen 0.14/turn                K - ring of positive energy

@: on berserk cooldown, slowed, glowing, very slow
A: no striking features
a: Renounce Religion, Berserk, Trog's Hand, Brothers in Arms


You were on level 10 of the Dungeon.
You worshipped Trog.
Trog was extremely pleased with you.
You visited 1 branch of the dungeon, and saw 10 of its levels.
You also visited: Ossuary.

You collected 670 gold pieces.
You spent 123 gold pieces at shops.

Inventory:

Hand Weapons
 a - a +0 hand axe
 O - a +2 hand axe of flaming (weapon)
Missiles
 u - 17 poisoned darts (quivered)
 C - 6 atropa-tipped darts
Armour
 b - a +0 animal skin
 f - an orb of mayhem
 k - a +0 scale mail
 l - a +0 chain mail
 n - a +1 pair of boots (worn)
 E - an orb of light (worn)
 I - a +0 plate armour (worn)
 N - a +1 chain mail of cold resistance
Jewellery
 e - an amulet of guardian spirit (around neck)
 F - a ring of see invisible (left hand)
 K - a ring of positive energy (right hand)
Wands
 D - a wand of iceblast (23)
 H - a wand of acid (7)
 J - a wand of polymorph (9)
 M - a wand of flame (21)
Scrolls
 c - 3 scrolls of enchant armour
 p - 5 scrolls of butterflies
 q - 2 scrolls of teleportation {unknown}
 r - 3 scrolls of enchant weapon
 s - a scroll of torment {unknown}
 t - 2 scrolls of magic mapping {unknown}
 v - a scroll of vulnerability {unknown}
 w - 4 scrolls of fog
 y - a scroll of brand weapon {unknown}
 L - 3 scrolls of immolation {unknown}
 P - a scroll of poison {unknown}
 Q - a scroll of amnesia {unknown}
Potions
 g - 2 potions of brilliance
 h - 2 potions of might
 i - a potion of mutation
 j - 3 potions of curing
 m - 3 potions of ambrosia
 o - 13 potions of degeneration
 x - 2 potions of cancellation
 z - 4 potions of heal wounds
 A - a potion of resistance
 B - 2 potions of lignification
 G - a potion of flight


   Skills:
 + Level 11.0 Fighting
 + Level 12.1 Axes
 + Level 9.9 Armour
 + Level 7.5 Dodging
 + Level 5.8 Invocations


You had 10 spell levels left.
You didn't know any spells.
Your spell library was empty.

Dungeon Overview and Level Annotations

Branches:
Dungeon (10/15)            Temple (0/1) D:5            Lair (0/5) D:9
    Orc (0/2) D:9         Ossuary (visited)

Altars:
Kikubaaqudgha
Trog

Shops:
D:4 ?   D:5 *   D:7 :   D:10 :


Message History

The tengu warrior claws you but does no damage.
You barely miss the tengu warrior.
The tengu warrior is moderately wounded.
The tengu warrior completely misses you.
The tengu warrior pecks you but does no damage.
The tengu warrior claws you but does no damage.
You slash the tengu warrior! You burn the tengu warrior!
The tengu warrior is severely wounded.
You slash the tengu warrior! You burn the tengu warrior.
The tengu warrior is almost dead.
The tengu warrior barely misses you. The tengu warrior closely misses you.
The tengu warrior claws you but does no damage.
You hit the tengu warrior. You burn the tengu warrior.
You feel the power of Trog in you as your rage grows.
You kill the tengu warrior!
Trog accepts your kill.
Your Fighting skill increases to level 11!
You start resting.
You feel a strong urge to attack something.
You start resting.
You are no longer berserk.
You are exhausted.
You feel as though you will be slow longer.
You start resting.
A centaur warrior is nearby!
The centaur warrior shouts!
The centaur warrior wields a +0 shortbow.
The centaur warrior shoots an arrow.
The arrow hits you!
The centaur warrior shoots an arrow.
The arrow closely misses you.
The centaur warrior shoots an arrow.
The arrow hits you!
The centaur warrior shoots an arrow.
The arrow hits you!
* * * LOW HITPOINT WARNING * * *
The centaur warrior shoots an arrow.
The arrow hits you.
* * * LOW HITPOINT WARNING * * *
The centaur warrior shoots an arrow.
The arrow completely misses you.
The centaur warrior shoots an arrow.
The arrow barely misses you.
The centaur warrior shoots an arrow.
The arrow hits you!
* * * LOW HITPOINT WARNING * * *
The centaur warrior shoots an arrow.
The arrow hits you!
You die...

.. .................#....#.# .#
.................##+###.# .#
####..................... ##
##...######...#####... # #...#
#...'...#... # #...# #...#...#...
#.. c..# #...# #...#...#... # ..
.).. ..#.######...#...#... .. ..
..= ...#.@........#...#..) ..
.##Q. ..#..........#...#... ..
..u###...#.#........#...#... ..
.......##.#........#+###...
...####......#..#................
...........###...................
.......#####.c..########..÷÷#####
.........c..)...#......#..÷.#...#
............#...#......#....#...#


You could see a centaur warrior.

Vanquished Creatures
  A tengu warrior (D:10)
  An ugly thing (D:10)
  A freezing wraith (D:10)
  Psyche (D:9)
  Prince Ribbit (D:7)
  3 hornets
  Grinder (D:5)
  Grum (D:8)
  A vampire (D:10)
  12 yaks
  A water moccasin (D:9)
  11 orc warriors
  3 ice beasts
  4 black bears (D:9)
  5 sky beasts
  2 wolves (D:8)
  An ogre (D:6)
  8 centaurs
  2 kobold brigands
  3 necrophages
  A gnoll sergeant (D:8)
  4 scorpions
  5 bullfrogs
  5 wights (D:9)
  3 killer bees (D:9)
  2 howler monkeys (D:7)
  A quasit (D:8)
  3 hounds
  A jelly (D:6)
  A centaur zombie (Ossuary)
  7 orc priests
  3 gnoll boudas
  3 iguanas
  9 orc wizards
  4 mummies (Ossuary)
  15 gnolls
  12 adders
  4 shadow imps (D:8)
  6 white imps
  5 ufetubi
  A worm (D:2)
  7 dart slugs
  66 orcs
  5 bats
  7 endoplasms
  3 gnoll zombies (Ossuary)
  5 goblins
  8 hobgoblins
  7 jackals
  2 quokkas
  7 ball pythons
  2 frilled lizards
  A goblin zombie (Ossuary)
  2 hobgoblin zombies (Ossuary)
  20 kobolds
  A kobold zombie (Ossuary)
  4 rats
305 creatures vanquished.

Vanquished Creatures (others)
  An orc wizard (D:9)
  6 demonic plants (D:8)
  45 fungi (D:9)
  37 plants (D:9)
89 creatures vanquished.

Grand Total: 394 creatures vanquished

Notes
Turn   | Place    | Note
-------+----------+-------------------------------------------
     0 | D:1      | Dartaoz the Hill Orc Berserker began the quest for the Orb.
     0 | D:1      | Reached XP level 1. HP: 19/19 MP: 1/1
   117 | D:1      | Reached XP level 2. HP: 27/27 MP: 2/2
   755 | D:1      | Reached XP level 3. HP: 30/33 MP: 3/3
   926 | D:1      | Found a faded altar of an unknown god.
  1335 | D:2      | Reached ** piety under Trog
  1525 | D:2      | Reached XP level 4. HP: 40/40 MP: 4/4
  2302 | D:3      | Reached skill level 5 in Axes
  2512 | D:3      | Noticed a scorpion
  2519 | D:3      | Killed a scorpion
  2520 | D:3      | Reached XP level 5. HP: 47/47 MP: 5/5
  2782 | D:4      | Found Edghaot's Magic Scroll Boutique.
  2796 | D:4      | Bought a scroll of enchant weapon for 97 gold pieces
  2796 | D:4      | Bought a scroll of identify for 26 gold pieces
  3014 | D:4      | Reached XP level 6. HP: 55/55 MP: 6/6
  3016 | D:4      | Reached skill level 5 in Fighting
  3564 | D:4      | Reached *** piety under Trog
  3918 | D:5      | Entered Level 5 of the Dungeon
  3932 | D:5      | Reached skill level 6 in Axes
  3935 | D:5      | Reached XP level 7. HP: 61/61 MP: 7/7
  4089 | D:5      | Found Roemaome's Assorted Antiques.
  4134 | D:5      | Noticed Grinder
  4144 | D:5      | Paralysed by Grinder for 5 turns
  4157 | D:5      | Paralysed by Grinder for 2 turns
  4167 | D:5      | Paralysed by Grinder for 2 turns
  4202 | D:5      | Killed Grinder
  4325 | D:5      | Found a sand-covered staircase.
  4330 | Ossuary  | Entered an ossuary
  4476 | Ossuary  | Reached skill level 5 in Armour
  4681 | D:5      | Found a staircase to the Ecumenical Temple.
  4717 | D:5      | Reached skill level 7 in Axes
  4825 | D:5      | Reached XP level 8. HP: 69/71 MP: 8/8
  5467 | D:6      | Noticed a hornet
  5476 | D:6      | Reached skill level 8 in Axes
  5476 | D:6      | Paralysed by a hornet for 3 turns
  5483 | D:6      | Killed a hornet
  5740 | D:6      | Reached XP level 9. HP: 79/79 MP: 9/9
  5858 | D:6      | Reached skill level 5 in Dodging
  6244 | D:7      | Noticed Prince Ribbit
  6256 | D:7      | Killed Prince Ribbit
  6257 | D:7      | Reached skill level 9 in Axes
  6652 | D:7      | Found Osmor's Book Boutique.
  7295 | D:8      | Reached XP level 10. HP: 68/91 MP: 10/10
  7309 | D:8      | Reached **** piety under Trog
  7371 | D:8      | Reached skill level 10 in Axes
  7530 | D:8      | You fall into a shaft and drop 2 floors!
  7530 | D:10     | Entered Level 10 of the Dungeon
  8066 | D:10     | Found an ancient bone altar of Kikubaaqudgha.
  8081 | D:10     | Found a bloodstained altar of Trog.
  8139 | D:10     | Reached skill level 1 in Invocations
  8253 | D:10     | Found Qoggogam's Book Shoppe.
  8326 | D:9      | Reached skill level 10 in Fighting
  8326 | D:9      | Reached skill level 11 in Axes
  8509 | D:9      | Paralysed by a hornet for 1 turns
  8689 | D:8      | Noticed Grum
  8711 | D:8      | Killed Grum
  8712 | D:8      | Reached XP level 11. HP: 81/100 MP: 13/13
  9789 | D:9      | Noticed Psyche
  9908 | D:9      | Killed Psyche
 10035 | D:9      | Found a staircase to the Lair.
 10072 | D:9      | Reached skill level 5 in Invocations
 10456 | D:9      | Reached ***** piety under Trog
 10502 | D:9      | Found a staircase to the Orcish Mines.
 10981 | D:10     | Noticed a tengu warrior
 10981 | D:10     | Noticed a white ugly thing
 10981 | D:10     | Noticed a centaur warrior
 11001 | D:10     | Killed a white ugly thing
 11005 | D:10     | Reached skill level 12 in Axes
 11012 | D:10     | Killed a tengu warrior
 11028 | D:10     | Shot with an arrow by a centaur warrior

Illustrated notes

Levels and vault maps discovered:
D:1:      nzn_arrival_crosshair, layout_basic,
          dreamdust_ecumenical_altar_statues, chequers_decorated_corner
D:2:      layout_loops_ring, minmay_between
D:3:      layout_basic
D:4:      layout_basic, serial_shops, shop
D:5:      layout_cave_pools, minmay_temple_entry_proselytizer, enter_ossuary_2,
          serial_shops, shop, uniq_grinder
D:6:      layout_cave_pools, minmay_strange_pillars
D:7:      layout_basic, serial_shops, shop, nicolae_nh_ransacked_shop,
          uniq_prince_ribbit1
D:8:      layout_loops_ring, serial_demonic, serial_demonic_g, serial_demonic_c,
          serial_demonic_b, serial_demonic_g, serial_demonic_d,
          serial_demonic_a, serial_demonic_c, serial_demonic_b, uniq_grum
D:9:      layout_loops_ring, due_lair_maze_entry_diamond, hiddenorc2_lemuel,
          grunt_ministairs_1, uniq_psyche
D:10:     layout_irregular_city, mainiacjoe_overflow_swirl, serial_shops, shop,
          minmay_radiant

Skill      XL: |  1  2  3  4  5  6  7  8  9 10 11 |
---------------+----------------------------------+-----
Fighting       | 4 5 6 7 9 10 11 | 11.0
Dodging        | 2 3 4 5 6 7 |  7.5
Armour         | 3 4 5 6 7 9 |  9.9
Axes           | 5 6 7 8 9 11 12 | 12.1
Invocations    | 3 5 |  5.8

Action                   |  1- 3 |  4- 6 |  7- 9 | 10-12 || total
-------------------------+-------+-------+-------+-------++-------
Melee: Hand axe          |    92 |   168 |   373 |   445 ||  1078
       Punch             |       |     2 |     6 |       ||     8
Invok: Berserk           |     2 |     5 |    10 |    16 ||    33
       Trog's Hand       |       |       |     1 |       ||     1
  Use: Potion            |       |       |     2 |       ||     2
       Scroll            |       |       |       |    11 ||    11
 Stab: Sleeping          |     1 |       |       |       ||     1
Armor: Animal skin       |    13 |       |       |       ||    13
       Chain mail        |    14 |    88 |   174 |       ||   276
       Plate armour      |       |       |    47 |   252 ||   299
Dodge: Dodged            |    43 |    45 |   156 |   183 ||   427

Table legend: (Time is in decaauts)
 A = Elapsed time spent in this place.
 B = Non-inter-level travel time spent in this place.
 C = Inter-level travel time spent in this place.
 D = Time resting spent in this place.
 E = Time spent auto-exploring this place.
 F = Levels seen in this place.
 G = Mean time per level.
                   A        B        C        D        E       F      G
               +--------+--------+--------+--------+--------+-----+--------+
         Total |  11187 |  10863 |    324 |   1889 |   7176 |  11 | 1017.0 |
       Dungeon |  10876 |  10552 |    324 |   1837 |   7010 |  10 | 1087.6 |
       Ossuary |    311 |    311 |      0 |     52 |    166 |   1 |  311.0 |
               +--------+--------+--------+--------+--------+-----+--------+

Top non-repeatable levels by time:
     D:8: 1489 daAuts
     D:9: 1478 daAuts
     D:4: 1200 daAuts
     D:1: 1144 daAuts
     D:5: 1063 daAuts
     D:7: 956 daAuts
     D:6: 953 daAuts
    D:10: 942 daAuts
     D:2: 854 daAuts
     D:3: 793 daAuts
 Ossuary: 311 daAuts
